 Dungeon Crawl Stone Soup version 0.31.0-11-ge490571c62 (webtiles) character file.

Game seed: 11387247932419014491

43 qw the Shooter (level 3, 0/20 HPs)
             Began as a Deep Elf Hunter on Feb 4, 2024.
             Slain by a gnoll
             ... wielding a +0 whip
              (2 damage)
             ... on level 2 of the Dungeon.
             The game lasted 00:00:03 (886 turns).

qw the Shooter (Deep Elf Hunter)                     Turns: 886, Time: 00:00:03

Health: 0/20       AC:  3    Str: 10    XL:     3   Next: 37%
Magic:  5/5        EV: 12    Int: 13    God:
Gold:   31         SH:  0    Dex: 18    Spells: 2/2 levels left

rFire   . . .        a - +0 shortbow
rCold   . . .        (shield currently unavailable)
rNeg    . . .        c - +0 leather armour
rPois   .            (no helmet)
rElec   .            (no cloak)
rCorr   .            (no gloves)
SInv    .            (no boots)
Will    .....        (no amulet)
Stlth   ++           (no ring)
HPRegen 0.23/turn    (no ring)
MPRegen 0.09/turn

%: no passive effects
@: no status effects
A: no striking features
a: no special abilities


You were on level 2 of the Dungeon.
You visited 1 branch of the dungeon, and saw 2 of its levels.

You collected 31 gold pieces.


   Skills:
 - Level 1.5 Fighting
 + Level 6.9 Ranged Weapons
 - Level 2.4 Dodging
 - Level 1.2 Stealth


You had 2 spell levels left.
You didn't know any spells.
Your spell library was empty.

Inventory:

Hand Weapons
 a - a +0 shortbow (weapon)
Armour
 c - a +0 leather armour (worn)
Scrolls
 b - a scroll of poison {unknown}
 e - 2 scrolls of identify {unknown}
Potions
 d - a potion of curing {unknown}
 f - a potion of magic {unknown}

Dungeon Overview and Level Annotations

Branches:
Dungeon (2/15)

Altars:


Message History

You kill the gnoll!
You have reached level 3!
Your experience leads to an increase in your attributes!
Increase (S)trength, (I)ntelligence, or (D)exterity?
You feel stronger. x2
You shoot an arrow. The arrow hits the gnoll!
The gnoll is heavily wounded.
You shoot an arrow. The arrow hits the gnoll.
The gnoll is severely wounded.
A ribbon worm comes into view.
You shoot an arrow. The arrow hits the gnoll!
You kill the gnoll!
You shoot an arrow. The arrow hits the gnoll.
The gnoll is moderately wounded.
You shoot an arrow. The arrow hits the gnoll.
The gnoll is moderately wounded.
The gnoll hits you with a +0 whip.
You shoot an arrow.
The arrow hits the gnoll but does no damage.
The gnoll is moderately wounded.
The gnoll hits you with a +0 whip.
You shoot an arrow.
The arrow hits the gnoll but does no damage.
The gnoll is moderately wounded.
The gnoll hits you with a +0 whip!
You shoot an arrow.
The arrow hits the gnoll but does no damage.
The gnoll is moderately wounded.
The gnoll hits you with a +0 whip.
You shoot an arrow. The arrow hits the gnoll.
The gnoll is moderately wounded.
The gnoll closely misses you.
You shoot an arrow. The arrow barely misses the gnoll.
The arrow hits the ribbon worm.
The ribbon worm is lightly wounded.
The gnoll closely misses you.
You shoot an arrow. The arrow hits the gnoll.
The gnoll is heavily wounded.
The gnoll hits you with a +0 whip.
You die...

...# ... ... .>
)# ##.# # #w.#
#.#g# #.#@###.#
#.......#
###.#####
...####.#
........########
...#####.......#
#.##.##.# #.#.#
#.# #..# #..


You could see a ribbon worm and a gnoll.

Vanquished Creatures
  2 gnolls (D:2)
  2 dart slugs (D:1)
  A ball python (D:1)
  3 endoplasms (D:1)
  3 hobgoblins
  A quokka (D:1)
  A frilled lizard (D:1)
  5 kobolds
  2 rats (D:1)
20 creatures vanquished.

Notes
Turn   | Place    | Note
-------+----------+-------------------------------------------
     0 | D:1      | qw the Deep Elf Hunter began the quest for the Orb.
     0 | D:1      | Reached XP level 1. HP: 12/12 MP: 3/3
     0 | D:1      | 0 ||| qw: Version: 0.3-a-160-g6735b56
     0 | D:1      | 0 ||| qw: Game counter: 5703
     0 | D:1      | 0 ||| qw: Melee chars always use a shield: true
     0 | D:1      | 0 ||| qw: God list: Okawaru
     0 | D:1      | 0 ||| qw: Allow faded altars: false
     0 | D:1      | 0 ||| qw: Do Orc after clearing Dungeon:15 true
     0 | D:1      | 0 ||| qw: Do second Lair branch before Depths: true
     0 | D:1      | 0 ||| qw: Lair rune preference: random
     0 | D:1      | 0 ||| qw: Goals: Normal
     0 | D:1      | 0 ||| PLANNING D:1-11
   177 | D:1      | Reached skill level 6 in Ranged Weapons
   177 | D:1      | Reached XP level 2. HP: 12/16 MP: 4/4
   702 | D:1      | Found a faded altar of an unknown god.
   707 | D:1      | 707 ||| DROPPING scroll of butterflies.
   874 | D:2      | 874 ||| RETREEEEATING.
   876 | D:2      | Reached XP level 3. HP: 20/20 MP: 5/5
   882 | D:2      | HP: 5/20 [gnoll/+0 whip (7)]
   883 | D:2      | HP: 1/20 [gnoll/+0 whip (4)]
   886 | D:2      | Slain by a gnoll

Levels and vault maps discovered:
D:1:      ncdulo_watergridlock, layout_basic,
          dreamdust_ecumenical_altar_hidden_monk_grotto, patterned_corridor
D:2:      wander_river, layout_loops_cross, basic_altar

Skill      XL: |  1 |
---------------+----+-----
Ranged Weapons | 6 |  6.9
Fighting       | |  1.5
Dodging        | |  2.4
Stealth        | |  1.2

Action                     || total
---------------------------++-------
   Fire: Shortbow          ||    53
 Armour: Leather armour    ||    10
  Dodge: Dodged            ||     9

Table legend:
 A = Non-vault XP
 B = Vault XP
 C = Vault XP percentage of total XP
 D = Non-vault monster count
 E = Vault monster count
 F = Vault count percentage of total count
                 A         B        C        D         E       F
            +---------+---------+-------+---------+---------+-------
      Total |      62 |       0 |   0.0 |      20 |       0 |   0.0
            +---------+---------+-------+---------+---------+-------
        D:1 |      30 |       0 |   0.0 |      16 |       0 |   0.0
        D:2 |      32 |       0 |   0.0 |       4 |       0 |   0.0
            +---------+---------+-------+---------+---------+-------
